 Dungeon Crawl Stone Soup version 0.22.1-1-ga44c0e5 (webtiles) character file.

2485 Irenicus the Cleaver (level 9, -18/68 HPs)
             Began as a Deep Dwarf Necromancer on Oct 6, 2018.
             Demolished by an ogre
             ... wielding a +0 giant spiked club
              (28 damage)
             ... on level 8 of the Dungeon.
             The game lasted 00:29:34 (3937 turns).

Irenicus the Cleaver (Deep Dwarf Necromancer)       Turns: 3937, Time: 00:29:35

Health: -18/68     AC: 11    Str: 11    XL:     9   Next: 27%
Magic:  2/12       EV: 12    Int: 17    God:
Gold:   197        SH:  0    Dex: 16    Spells: 7/12 levels left

rFire    . . .     SeeInvis .   w - +1 war axe "Usaed" {chop, rN+} (curse)
rCold    . . .     Gourm    .   (no shield)
rNeg     + . .     Faith    .   b - +0 acid dragon scales
rPois    .         Spirit   .   C - +1 helmet
rElec    .         Reflect  .   p - +0 cloak
rCorr    +         Harm     .   r - +0 pair of gloves
MR       +....                  (no boots)
Stlth    ++........             (no amulet)
HPRegen  0.00/turn              u - ring of wizardry {Wiz+, !d}
MPRegen  0.13/turn              D - ring of wizardry {Wiz+, !d}

@: non-regenerating
A: damage resistance, heal wounds, sense surroundings 2, no regeneration
a: Heal Wounds


You were on level 8 of the Dungeon.
You were near starving.

You visited 2 branches of the dungeon, and saw 9 of its levels.

You collected 375 gold pieces.
You spent 178 gold pieces at shops.

Inventory:

Hand Weapons
 i - the +8 whip of the Wolf {drain, +Blink}
   (You found it on level 4 of the Dungeon)

   A truly terrible weapon, it drains the life of those it strikes.
   It lets you blink.
 q - a +0 war axe
   (You took it off an orc on level 3 of the Dungeon)
 v - the +1 lajatang of Cirgh {slice, rF+ rC- Int+4}
   (You found it on level 5 of the Dungeon)

   It inflicts extra damage upon your enemies.
   It affects your intelligence (+4).
   It protects you from fire.
   It makes you vulnerable to cold.
 w - the cursed +1 war axe "Usaed" (weapon) {chop, rN+}
   (You bought it in a shop on level 4 of the Dungeon)

   It inflicts extra damage upon your enemies.
   It protects you from negative energy.
   It has a curse placed upon it.
 x - a +0 hand axe
   (You found it on level 5 of the Dungeon)
Missiles
 d - 7 tomahawks of dispersal (quivered) {=f}
Armour
 b - +0 acid dragon scales (worn)
   (You found it on level 1 of the Dungeon)
 p - a +0 cloak (worn)
   (You took it off Crazy Yiuf on level 2 of the Dungeon)
 r - a +0 pair of gloves (worn)
   (You found it on level 6 of the Dungeon)
 C - a +1 helmet (worn)
   (You found it on level 7 of the Dungeon)
Jewellery
 h - an uncursed ring of ice {rC+, rF-}
   (You found it on level 1 of the Dungeon)
 u - a ring of wizardry (left hand) {Wiz+, !d}
   (You found it on level 5 of the Dungeon)
 D - a ring of wizardry (right hand) {Wiz+, !d}
   (You found it on level 7 of the Dungeon)
Wands
 A - a wand of digging (14)
   (You found it on level 7 of the Dungeon)
 B - a wand of flame (29)
   (You found it on level 7 of the Dungeon)
Scrolls
 e - 6 scrolls of remove curse
 f - 2 scrolls of magic mapping {unknown}
 j - a scroll of amnesia {unknown}
 k - 5 scrolls of teleportation
 m - 5 scrolls of identify
 n - 2 scrolls of fear {unknown}
 o - a scroll of enchant armour {unknown}
 t - 3 scrolls of enchant weapon {unknown}
 y - 2 scrolls of immolation {unknown}
Potions
 a - a potion of brilliance
 g - 3 potions of curing
 l - a potion of magic
 s - 2 potions of degeneration {unknown}
 z - a potion of haste
 E - a potion of agility {unknown}
 F - a potion of cancellation {unknown}
Comestibles
 c - 10 rations


   Skills:
 + Level 11.7 Axes
 - Level 3.0 Armour
 - Level 2.1 Dodging
 - Level 2.4 Stealth
 - Level 2.0 Spellcasting
 - Level 7.2 Necromancy


You had 7 spell levels left.
You knew the following spells:

 Your Spells              Type           Power        Failure   Level  Hunger
a - Pain                  Necr           ####         1%          1    #......
c - Vampiric Draining     Necr           ####......   1%          3    ###....
e - Animate Skeleton      Necr           N/A          1%          1    #......

Your spell library contained the following spells:

 Spells                   Type           Power        Failure   Level  Hunger
 Animate Dead             Necr           N/A          4%          4    #####..
 Regeneration             Chrm/Necr      Unusable     N/A         3    N/A

Dungeon Overview and Level Annotations

Branches:
Dungeon (8/15)             Temple (1/1) D:7
   Lair: D:8-11

Altars:
Ashenzari
Cheibriados
Dithmenos
Elyvilon
Fedhas
Gozag
Hepliaklqana
Kikubaaqudgha
Nemelex Xobeh
Qazlal
Ru
Sif Muna
Trog
Uskayaw
Wu Jian
Yredelemnul
Zin
The Shining One

Shops:
D:4 (%

Annotations:
D:4 exclusion: oklob plant
D:7 1 runed door, zapotec's ghost, novice GnAr


Innate Abilities, Weirdness & Mutations

You are resistant to damage.
You can heal yourself by infusing magical energy.
You passively map the area around you.
You do not regenerate.


Message History

A wyvern skeleton comes into view.
A big kobold comes into view. It is wielding a dagger.
The jelly quivers.
The big kobold shouts!
You hear a shout!
A bullfrog comes into view.
Found an escape hatch in the floor.
Aim: a jelly (chance to defeat MR: 89%)
The jelly writhes in agony!
The bullfrog croaks.
You hear a shout!
A kobold comes into view.
A howler monkey comes into view.
A kobold comes into view. It is wielding a short sword.
You now have 11/12 mp.
Aim: a jelly (heavily wounded, chance to defeat MR: 89%)
The jelly writhes in agony!
The howler monkey howls!
The howler monkey hoots and howls with incredible vigour!
You hear a shout!
You hear an angry hiss.
You now have 10/12 mp.
Aim: a jelly (severely wounded)
You kill the jelly!
You feel life coursing into your body.
The bullfrog swells and bulges.
You regained 3 hp, and now have 30/68 hp.
You now have 7/12 mp.
Aim: a bullfrog You feel life coursing into your body.
The bullfrog hits you but does no damage.
The bullfrog hits you.
You now have 4/12 mp.
You slash the bullfrog! You closely miss the big kobold.
The howler monkey hoots and howls with incredible vigour!
A killer bee comes into view.
The bullfrog barely misses you.
The big kobold hits you but does no damage.
You hear an angry buzzing noise.
You hear a shout!
You hear an angry buzzing noise.
You hear a bark!
You hear an angry buzzing noise.
You hit the bullfrog.
You kill the bullfrog!
You closely miss the big kobold.
The big kobold hits you but does no damage.
You hit the big kobold.
An ogre comes into view. It is wielding a giant spiked club.
A killer bee comes into view.
The wyvern skeleton barely misses you.
You barely miss the big kobold. You barely miss the wyvern skeleton.
The big kobold hits you but does no damage.
The wyvern skeleton bites you but does no damage.
The killer bee buzzes angrily.
You slash the wyvern skeleton! You slash the big kobold!
You hear an angry buzzing noise. x2
A killer bee comes into view.
The howler monkey hoots and howls with incredible vigour!
The wyvern skeleton bites you.
You hear a bark!
You hear a shout!
You hear an angry buzzing noise. x5
You take 2 damage, and have 29/68 hp.
You slash the big kobold! You hit the killer bee. You hit the wyvern skeleton.
You closely miss the kobold. The killer bee stings you.
The big kobold hits you but does no damage.
The wyvern skeleton bites you!
A killer bee comes into view.
The kobold barely misses you. The killer bee stings you.
* * * LOW HITPOINT WARNING * * *
You take 11 damage, and have 18/68 hp.
You hit the wyvern skeleton. You closely miss the kobold.
You hit the big kobold but do no damage.
You closely miss the killer bee.
A killer bee comes into view.
The wyvern skeleton bites you but does no damage.
The big kobold misses you. The kobold hits you but does no damage.
The wyvern skeleton completely misses you.
You slash the wyvern skeleton! You hit the kobold.
You kill the kobold!
You hit the big kobold. You barely miss the killer bee.
The killer bee stings you!
* * * LOW HITPOINT WARNING * * *
The big kobold hits you but does no damage.
The killer bee closely misses you. The wyvern skeleton closely misses you.
You take 6 damage, and have 12/68 hp.
Aim: a big kobold, wielding a dagger (almost dead)
You kill the big kobold!
You feel life coursing into your body.
You are near starving!
The howler monkey barely misses you.
The killer bee stings you but does no damage.
The wyvern skeleton barely misses you.
The killer bee stings you but does no damage.
You now have 2/12 mp.
Okay, then.
You hit the ogre. You closely miss the howler monkey.
You slash the wyvern skeleton!
You destroy the wyvern skeleton!
You hit the killer bee. You barely miss the killer bee.
The killer bee stings you.
* * * LOW HITPOINT WARNING * * *
The killer bee closely misses you. The howler monkey barely misses you.
The killer bee barely misses you.
The killer bee stings you but does no damage.
The ogre hits you with a giant spiked club!!
You die...

*** ,, , ** #.
....#....., * *
#.*,#...#....., ,,
, , *, *
#.#,#......... , *
,*#.# #......... #
, * .#.#........
,..#** , *
#.#.....####.... *
,#......Oyy...>..
,* ,,*
#..<....@yK..... ,
* ,*
,#......h##...###
, , ,
#.#....y........ *
* ,
*,#.#...#..#.#.#..
, , ,, #
#..##......... * ,
#......#.#.#.. * *
,#..##........# ,
, #.###..#.#.#. ,
* , *,, ,..
#........,,


You could see an ogre, a howler monkey, 4 killer bees and a kobold.

Vanquished Creatures
  Pikel (D:6)
  A water moccasin (D:6)
  An orc warrior (D:5)
  A phantom (D:4)
  An ogre (D:6)
  3 centaurs
  Blork the orc (D:6)
  2 bullfrogs
  A big kobold (D:8)
  A gnoll sergeant (D:7)
  A wyvern skeleton (D:8)
  A scorpion (D:7)
  A howler monkey (D:5)
  A centaur zombie (D:7)
  3 bullfrog zombies
  4 jellies
  Crazy Yiuf (D:2)
  3 hounds
  A bullfrog skeleton (D:6)
  A centaur skeleton (D:4)
  4 orc wizards
  5 worker ants
  2 hound zombies
  A worker ant zombie (D:5)
  12 gnolls
  6 adders
  An adder skeleton (D:5)
  An adder zombie (D:6)
  A worm (D:3)
  2 dart slugs (D:2)
  8 leopard geckos
  13 orcs
  4 giant cockroaches
  4 goblins
  5 hobgoblins
  3 jackals
  3 quokkas
  6 bats
  9 frilled lizards
  8 kobolds
  2 quokka skeletons (D:4)
  6 rats
136 creatures vanquished.

Vanquished Creatures (others)
  12 toadstools (D:4)
12 creatures vanquished.

Grand Total: 148 creatures vanquished

Notes
Turn   | Place    | Note
-------+----------+-------------------------------------------
     0 | D:1      | Irenicus the Deep Dwarf Necromancer began the quest for the
                  | Orb.
     0 | D:1      | Reached XP level 1. HP: 15/15 MP: 3/3
   131 | D:1      | Learned a level 1 spell: Animate Skeleton
   272 | D:1      | Reached skill level 2 in Spellcasting
   447 | D:2      | Reached XP level 2. HP: 22/22 MP: 1/5
   465 | D:2      | Reached skill level 5 in Necromancy
   701 | D:2      | Reached XP level 3. HP: 15/28 MP: 4/6
   740 | D:2      | Learned a level 3 spell: Vampiric Draining
   756 | D:2      | Found a deep blue altar of Sif Muna.
   756 | D:2      | Found a glowing silver altar of Zin.
   757 | D:2      | Found a hide-covered altar of Uskayaw.
   804 | D:2      | Found a sacrificial altar of Ru.
   886 | D:2      | Found a runed door.
   890 | D:2      | Noticed Crazy Yiuf
   895 | D:2      | HP: 4/28 [Crazy Yiuf/quarterstaff of chaos (9)]
   905 | D:2      | Killed Crazy Yiuf
   905 | D:2      | Reached skill level 6 in Necromancy
   905 | D:2      | Reached XP level 4. HP: 36/36 MP: 0/7
  1183 | D:3      | Reached skill level 1 in Armour
  1378 | D:3      | HP: 7/36 [orc wizard/puff of frost (8)]
  1392 | D:3      | Reached skill level 2 in Armour
  1392 | D:3      | Reached XP level 5. HP: 42/42 MP: 1/8
  1399 | D:3      | Reached skill level 1 in Axes
  1487 | D:4      | Noticed a phantom
  1504 | D:4      | Reached skill level 2 in Axes
  1512 | D:4      | Reached skill level 3 in Armour
  1518 | D:4      | HP: 10/42 [phantom (1)]
  1531 | D:4      | HP: 7/42 [hound (3)]
  1543 | D:4      | HP: 9/42 [orc/flail (2)]
  1558 | D:4      | Found Beleuxet's Food Shoppe.
  1572 | D:4      | Got a polished whip
  1573 | D:4      | Identified the +8 whip of the Wolf {drain, +Blink} (You
                  | found it on level 4 of the Dungeon)
  1589 | D:4      | HP: 6/42 [centaur skeleton (3)]
  1598 | D:4      | Reached skill level 3 in Axes
  1598 | D:4      | Reached XP level 6. HP: 30/49 MP: 9/9
  1613 | D:4      | Found Timuucr Ylokh's Antique Weapon Shoppe.
  1616 | D:4      | Irenicus: ?? disrupt
  1616 | D:4      | beem: disrupt ~ disruption ~ undeadhunter[1/1]: A +7 great
                  | mace with rN+. Has its own effect identical to the old
                  | disruption brand: a 2/3 chance of up to quadruple damage,
                  | with an average of 250% damage, but only against undead.
  1698 | D:4      | Reached skill level 4 in Axes
  1779 | D:4      | Found a hazy altar of Hepliaklqana.
  1834 | D:4      | Found a blossoming altar of Fedhas.
  1851 | D:4      | Noticed an oklob plant
  1975 | D:5      | Entered Level 5 of the Dungeon
  1999 | D:5      | Reached skill level 7 in Necromancy
  1999 | D:5      | Reached XP level 7. HP: 32/55 MP: 0/10
  2152 | D:5      | Reached skill level 5 in Axes
  2278 | D:5      | Reached skill level 6 in Axes
  2334 | D:5      | Got a crude lajatang
  2336 | D:5      | Identified the cursed +1 lajatang of Cirgh {slice, rF+ rC-
                  | Int+4} (You found it on level 5 of the Dungeon)
  2479 | D:4      | Bought a crude war axe for 178 gold pieces
  2479 | D:4      | Identified the cursed +1 war axe "Usaed" {chop, rN+} (You
                  | bought it in a shop on level 4 of the Dungeon)
  2560 | D:5      | Found a glowing golden altar of the Shining One.
  2743 | D:5      | HP: 13/55 [gnoll (5)]
  2749 | D:5      | HP: 10/55 [gnoll/spear (3)]
  2881 | D:6      | HP: 12/55 [poisoned by a water moccasin]
  2883 | D:6      | Reached skill level 7 in Axes
  2959 | D:6      | Noticed Pikel
  2962 | D:6      | HP: 6/55 [slave[Pikel] (7)]
  2975 | D:6      | Killed Pikel
  2975 | D:6      | Reached skill level 9 in Axes
  2975 | D:6      | Reached XP level 8. HP: 30/62 MP: 1/11
  3136 | D:6      | HP: 11/62 [orc warrior/dire flail (5)]
  3205 | D:6      | HP: 14/62 [centaur/arrow (7)]
  3208 | D:6      | Reached skill level 10 in Axes
  3258 | D:6      | Noticed Blork the orc
  3271 | D:6      | Killed Blork the orc
  3291 | D:6      | HP: 13/62 [bullfrog skeleton (3)]
  3466 | D:7      | Found a staircase to the Ecumenical Temple.
  3476 | Temple   | Entered the Ecumenical Temple
  3556 | D:7      | Noticed zapotec's ghost (novice GnAr)
  3559 | D:7      | Found a runed door.
  3574 | D:7      | Gained mutation: You passively map the area around you.
                  | [Deep Dwarf growth]
  3574 | D:7      | Reached XP level 9. HP: 23/68 MP: 2/12
  3630 | D:7      | Found an ancient bone altar of Kikubaaqudgha.
  3675 | D:7      | Reached skill level 11 in Axes
  3814 | D:7      | Found an ornate altar of the Wu Jian Council.
  3935 | D:8      | HP: 12/68 [killer bee (6)]
  3937 | D:8      | Demolished by an ogre

Skill      XL: |  1  2  3  4  5  6  7  8  9 |
---------------+----------------------------+-----
Spellcasting   | 2 |  2.0
Necromancy     | 5 6 7 |  7.2
Armour         | 2 3 |  3.0
Axes           | 3 4 9 10 11 | 11.7
Dodging        | |  2.1
Stealth        | |  2.4

Action                   |  1- 3 |  4- 6 |  7- 9 || total
-------------------------+-------+-------+-------++-------
Melee: Dagger            |    44 |    16 |       ||    60
       War axe           |       |    55 |   133 ||   188
       Whip              |       |    42 |    27 ||    69
 Cast: Pain              |    44 |    46 |    32 ||   122
       Animate Skeleton  |     2 |       |       ||     2
       Vampiric Draining |       |     6 |    33 ||    39
 Abil: Heal Wounds       |     1 |     2 |       ||     3
  Use: Potion            |     1 |     6 |     3 ||    10
       Scroll            |       |       |     3 ||     3
 Stab: Sleeping          |     2 |     2 |     3 ||     7
  Eat: Chunk             |     1 |     4 |     7 ||    12
       Ration            |       |       |     1 ||     1
Armor: Acid dragon scale |    25 |    62 |    86 ||   173
Dodge: Dodged            |    33 |    89 |   137 ||   259

Vault maps used:
D:1:      dpeg_arrival_brainrot, minmay_misc_feat_columns, lemuel_old_faithful
D:2:      nicolae_overflow_crystal_walls, gammafunk_temple_overflow_forgotten,
          uniq_crazy_yiuf_cottage
D:3:      due_unseen_surprise
D:4:      lemuel_round_altar, tgw_fedhas, serial_shops,
          nicolae_shop_statue_plus, kennysheep_mini_moat, first_ration
D:5:      kennysheep_six_static_rooms, overflow_temple_1_default, st_stairs_14
D:6:      uniq_pikel, uniq_blork_the_orc
D:7:      kennysheep_little_box, lemuel_round_altar,
          minmay_temple_entry_large_hall, hellmonk_ghost_happy_afterlife,
          kennysheep_generic_room_3
D:8:      okawaru_ov_weapons_minmay, makhleb_blood_cavern_becter,
          serial_co_window_serial, co_window_paths_b, co_window_corner_a,
          co_window_paths_b, co_window_paths_a, co_window_corner_a,
          co_window_of_opportunity_a, co_window_of_opportunity_a,
          co_window_2corner, co_window_unsneaky_path_e, co_window_broadway_b,
          co_window_of_opportunity_b, co_window_4corner_b, glass_columns_b,
          glass_columns_c, glass_columns_a, glass_columns_a, glass_columns_b,
          grunt_ogre_cave
Temple:   dpeg_three_leaves_temple

Table legend:
 A = Turns spent in this place as a percentage of turns spent in the entire game.
 B = Non-inter-level travel turns spent in this place as a percentage of non-inter-level travel turns spent in the entire game.
 C = Inter-level travel turns spent in this place as a percentage of turns spent in this place.
 D = Turns resting spent in this place as a percentage of non-inter-level travel turns spent in this place.
 E = Turns spent auto-exploring this place as a percentage of non-inter-level travel turns spent in this place.
 F = Non-inter-level travel turns spent in this place divided by the number of levels of this place that you've seen.
                   A       B       C       D       E      F
               +-------+-------+-------+-------+-------+----------------------
         Total | 100.0 | 100.0 |   1.5 |   0.0 |   0.0 | 431.0
       Dungeon |  98.4 |  98.4 |   1.5 |   0.0 |   0.0 | 477.0
        Temple |   1.6 |   1.6 |   0.0 |   0.0 |   0.0 |  63.0
               +-------+-------+-------+-------+-------+----------------------

Table legend:
 A = Kills in this place as a percentage of kills in entire the game.
 B = Kills by you in this place as a percentage of kills by you in the entire game.
 C = Kills by friends in this place as a percentage of kills by friends in the entire game.
 D = Other kills in this place as a percentage of other kills in the entire game.
 E = Experience gained in this place as a percentage of experience gained in the entire game.
 F = Experience gained in this place divided by the number of levels of this place that you have seen.
                   A       B       C       D       E      F
               +-------+-------+-------+-------+-------+----------------------
         Total | 100.0 | 100.0 |   N/A |   N/A | 100.0 | 394.4
       Dungeon | 100.0 | 100.0 |   N/A |   N/A | 100.0 | 443.8
               +-------+-------+-------+-------+-------+----------------------
